 Dungeon Crawl Stone Soup version bcrawl-1.12-11-gb93c957c58 (console) character file.

Game seed: 9959160508528223051

42 Lexodia the Sneak (level 3, -2/22 HPs)
             Began as a Gargoyle Archaeologist on July 3, 2019.
             Slain by a gnoll
             ... wielding a +0 halberd
              (6 damage)
             ... on level 2 of the Dungeon.
             The game lasted 00:01:39 (1238 turns).

Lexodia the Sneak (Gargoyle Archaeologist)          Turns: 1238, Time: 00:01:40

Health: -2/22      AC: 11    Str: 15    XL:     3   Next: 54%
Magic:  3/3        EV: 12    Int: 14    God:
Gold:   115        SH:  0    Dex:  8    Spells: 2/2 levels left

rFire    . . .     SeeInvis .   l - +0 spear
rCold    . . .     Gourm    .   (no shield)
rNeg     + . .     Faith    .   a - +1 robe
rPois    ∞         Spirit   .   b - +1 hat
rElec    +         Reflect  .   (no cloak)
rCorr    .         Harm     .   d - +1 pair of gloves
MR       .....                  c - +1 pair of boots
Stlth    ++........             (no amulet)
HPRegen  0.07/turn              (no ring)
MPRegen  0.08/turn              (no ring)

@: hasted, studying Fighting, very quick
A: negative energy resistance 1, electricity resistance, unbreathing,
petrification resistance, rot immunity, AC +3
a: no special abilities


You were on level 2 of the Dungeon.
You were not hungry.

You visited 1 branch of the dungeon, and saw 2 of its levels.

You collected 115 gold pieces.

Inventory:

Hand Weapons
 l - a +0 spear (weapon)
Armour
 a - a +1 robe (worn)
 b - a +1 hat (worn)
 c - a +1 pair of boots (worn)
 d - a +1 pair of gloves (worn)
Scrolls
 h - a scroll of enchant weapon {unknown}
 i - 2 scrolls of teleportation {unknown}
 j - 2 scrolls of remove curse {unknown}
 k - a scroll of immolation {unknown}
 p - a scroll of blinking {unknown}
Potions
 m - a potion of haste
 n - a potion of agility {unknown}
 o - a potion of curing {unknown}
Books
 e - a manual of Fighting
Miscellaneous
 f - an ancient crate
Comestibles
 g - 4 rations {!d}
 q - a chunk of flesh


   Skills:
 * Level 2.5 Fighting
 - Level 3.0 Armour
 - Level 2.4 Dodging
 - Level 3.6 Stealth


You had 2 spell levels left.
You didn't know any spells.
Your spell library was empty.

Dungeon Overview and Level Annotations

Branches:
Dungeon (2/12)

Altars:
Xom
Zin


Innate Abilities, Weirdness & Mutations

You are resistant to torment.
Your stone body is resilient. (AC +3)
You are immune to poison.
You resist negative energy. (rN+)
You are resistant to electric shocks. (rElec)
You can survive without breathing.
You are immune to petrification.
You are immune to rotting.


Message History

The kobold unwields a +0 dagger.
The kobold wields a +0 blowgun.
The kobold shoots a poisoned needle.
The poisoned needle barely misses you.
You closely miss the kobold. The gnoll closely misses you.
The kobold unwields a +0 blowgun.
The kobold wields a +0 dagger.
The kobold hits you but does no damage.
You closely miss the kobold. The gnoll barely misses you.
The kobold closely misses you.
You closely miss the kobold. The gnoll hits you but does no damage.
The kobold completely misses you.
You barely miss the kobold. The gnoll closely misses you.
The kobold closely misses you.
You hit the kobold.
The kobold is moderately wounded.
The kobold hits you but does no damage.
The gnoll hits you from afar with a +0 halberd!
* * * LOW HITPOINT WARNING * * *
It was a potion of haste.
You feel yourself speed up. The kobold barely misses you.
The gnoll hits you from afar with a +0 halberd.
You die...

#.#.....# #.....#
#(#.###.#####.###.#
#.#.# #.......# (#
## #.#.#
#.#####.###.# .#
#.#.. .# #$....#
.######.### ##...##
..>.....#
####..>..##.##
#########
#..gg..........
#@##........###
#K##....#####
#.##.#### #.##.#
#.##.# #### #.##.#
...##########
#.##.#
##.#.........
..##.# #.#.########


You could see 2 gnolls and a kobold.

Vanquished Creatures
  An ooze (D:1)
  A leopard gecko (D:1)
  A bat (D:2)
  4 giant cockroaches
  5 hobgoblins
  4 jackals (D:1)
  A quokka (D:1)
  2 frilled lizards (D:1)
  12 kobolds
  3 rats (D:1)
34 creatures vanquished.

Notes
Turn   | Place    | Note
-------+----------+-------------------------------------------
     0 | D:1      | Lexodia the Gargoyle Archaeologist began the quest for the
                  | Orb.
     0 | D:1      | Reached XP level 1. HP: 12/12 MP: 1/1
   162 | D:1      | Reached skill level 1 in Armour
   195 | D:1      | Reached XP level 2. HP: 16/16 MP: 2/2
   615 | D:1      | Reached XP level 3. HP: 15/20 MP: 3/3
  1119 | D:2      | Found a glowing silver altar of Zin.
  1121 | D:2      | Noticed an angel
  1131 | D:2      | Found a shimmering altar of Xom.
  1238 | D:2      | Slain by a gnoll

Skill      XL: |  1  2  3 |
---------------+----------+-----
Armour         | 1 2 3 |  3.0
Fighting       | 2 |  2.5
Dodging        | |  2.4
Stealth        | |  3.6

Action                   || total
-------------------------++-------
Melee: Spear             ||   139
       Club              ||     6
       Unarmed           ||     6
  Use: Potion            ||     1
 Stab: Sleeping          ||     3
       Distracted        ||     1
  Eat: Chunk             ||     1
Armor: Robe              ||    58
Dodge: Dodged            ||    89
